 Dungeon Crawl Stone Soup version 0.26.0-10-g1f06aea511 (webtiles) character file.

Game seed: 2092678521679873452

150 night the Chiller (level 5, -6/38 HPs)
             Began as a Draconian Ice Elementalist on Jan 22, 2021.
             Shot with an arrow by a centaur (8 damage)
             ... on level 3 of the Dungeon.
             The game lasted 00:07:35 (2679 turns).

night the Chiller (Draconian Ice Elementalist)      Turns: 2679, Time: 00:07:36

Health: -6/38      AC:  9    Str: 11    XL:     5   Next: 10%
Magic:  3/10       EV: 12    Int: 16    God:
Gold:   118        SH:  0    Dex: 11    Spells: 4/11 levels left

rFire    . . .     SeeInvis .   j - +0 spear
rCold    . . .     Faith    .   (no shield)
rNeg     . . .     Spirit   .   (armour unavailable)
rPois    .         Reflect  .   (helmet restricted)
rElec    .         Harm     .   (no cloak)
rCorr    .         Rampage  .   (no gloves)
Will     .....                  (no boots)
Stlth    ++........             (no amulet)
HPRegen  0.12/turn              e - +4 ring of protection
MPRegen  0.12/turn              (no ring)

@: frozen ramparts
A: unfitting armour, cold-blooded, AC +5
a: no special abilities


You were on level 3 of the Dungeon.
You visited 2 branches of the dungeon, and saw 5 of its levels.

You collected 118 gold pieces.

Inventory:

Hand Weapons
 j - a +0 spear (weapon)
Missiles
 c - 30 poisoned darts (quivered)
 f - 33 stones
 g - 25 sling bullets
 i - 18 bolts
 l - 24 arrows
Jewellery
 e - a +4 ring of protection (left hand)
Scrolls
 a - 3 scrolls of identify
Potions
 d - 2 potions of cancellation


   Skills:
 - Level 1.7 Dodging
 - Level 1.7 Stealth
 + Level 3.7 Spellcasting
 + Level 5.3 Ice Magic


You had 4 spell levels left.
You knew the following spells:

 Your Spells              Type           Power        Failure   Level
a - Freeze                Ice            80%          1%          1
b - Frozen Ramparts       Ice            40%          6%          3
c - Ozocubu's Armour      Ice            20%          6%          3

Your spell library contained the following spells:

 Spells                   Type           Power        Failure   Level
 Hailstorm                Conj/Ice       11%          50%         4
 Summon Ice Beast         Ice/Summ       11%          50%         4


Dungeon Overview and Level Annotations

Branches:
Dungeon (4/15)             Temple (1/1) D:4

Altars:
Ashenzari
Dithmenos
Elyvilon
Fedhas
Makhleb
Okawaru
Qazlal
Ru
Uskayaw
Yredelemnul
Zin

Annotations:
D:4 1 runed translucent door


Innate Abilities, Weirdness & Mutations

Your plain brown scales are hard. (AC +5)
You cannot fit into any form of body armour.
You are cold-blooded and may be slowed by cold attacks.


Message History

The centaur shoots an arrow.
The arrow closely misses you.
The wall freezes the orc.
You kill the orc!
The wall freezes the orc priest.
The orc priest calls down the wrath of Beogh upon you.
Beogh smites you!
* * * LOW HITPOINT WARNING * * *
The centaur shoots an arrow.
The arrow barely misses you.
You hear a shout!
You feel better.
You hear a shout!
The wall freezes the orc.
A goblin comes into view. It is wielding a +0 dagger.
The centaur shoots an arrow.
The arrow hits you!
* * * LOW HITPOINT WARNING * * *
The wall freezes the orc priest.
As you read the scroll of fog, it crumbles to dust.
The scroll dissolves into smoke.
The centaur shoots an arrow.
The arrow hits you!
You die...

.. #. ## .. ... #.#
>#..# ...# #[#
##.#..# ....##.##
......# .....#..#
......#
#.....###§.....#
#.#[..o§#§§....# .
#.....#§@# .o.
####..##§§..# .#..###
#...##o§...c.
.......##o.......(..g
#.............K...#..
##.......o....!..## .
#............#..#
#............#.##
##.............


You could see a centaur, an orc priest, an orc and a goblin (wandering).

Vanquished Creatures
  An orc priest (D:3)
  An orc wizard (D:3)
  A bullfrog skeleton (D:4)
  2 adders
  A howler monkey skeleton (D:4)
  2 worms (D:2)
  A dart slug (D:1)
  2 orcs (D:3)
  3 bats
  A giant cockroach (D:2)
  3 goblins
  4 jackals (D:4)
  3 kobolds
  A ball python (D:2)
  3 frilled lizards
  3 rats (D:1)
32 creatures vanquished.

Notes
Turn   | Place    | Note
-------+----------+-------------------------------------------
     0 | D:1      | night the Draconian Ice Elementalist began the quest for
                  | the Orb.
     0 | D:1      | Reached XP level 1. HP: 14/14 MP: 3/3
  1137 | D:1      | Reached XP level 2. HP: 20/20 MP: 3/5
  1684 | D:2      | Reached XP level 3. HP: 20/26 MP: 2/7
  1688 | D:2      | Learned a level 3 spell: Frozen Ramparts
  1692 | D:2      | Learned a level 3 spell: Ozocubu's Armour
  1765 | D:2      | You fall into a shaft and drop 2 floors!
  1805 | D:4      | Noticed an ogre
  1812 | D:4      | Found a runed translucent door.
  1812 | D:4      | Noticed a human
  1817 | D:4      | Found a basalt altar of Yredelemnul.
  2263 | D:4      | Reached XP level 4. HP: 16/33 MP: 5/8
  2423 | D:4      | Found a staircase to the Ecumenical Temple.
  2435 | Temple   | Entered the Ecumenical Temple
  2669 | D:3      | Reached skill level 5 in Ice Magic
  2670 | D:3      | Noticed a centaur
  2677 | D:3      | Reached XP level 5. HP: 17/38 MP: 3/10
  2679 | D:3      | Shot with an arrow by a centaur

Illustrated notes

Levels and vault maps discovered:
D:1:      minmay_arrival_four_houses, layout_basic
D:2:      layout_loops_ring, grunt_temple_overflow_open
D:3:      layout_rooms, portal_sewer_entry_d, nrook_mini_vaults, uniq_robin,
          uniq_ijyb, uniq_crazy_yiuf_cottage, uniq_grinder
D:4:      layout_cave_pools, minmay_temple_entry_crystal_x,
          dk_yredelemnul_ordeal
Temple:   minmay_temple_curvy_loop

Skill      XL: |  1  2  3  4 |
---------------+-------------+-----
Spellcasting   | 3 |  3.7
Ice Magic      | 5 |  5.3
Dodging        | |  1.7
Stealth        | |  1.7

Action                   |  1- 3 |  4- 6 || total
-------------------------+-------+-------++-------
Melee: Unarmed           |    11 |       ||    11
       Spear             |    82 |    12 ||    94
       Tailslap          |     3 |     1 ||     4
Throw: Dart              |    13 |       ||    13
 Cast: Freeze            |    21 |       ||    21
       Ozocubu's Armour  |     3 |     1 ||     4
       Frozen Ramparts   |       |     2 ||     2
  Use: Scroll            |     5 |     1 ||     6
       Potion            |     2 |     1 ||     3
 Stab: Sleeping          |     2 |       ||     2
Armor: Skin              |    90 |     8 ||    98
Dodge: Dodged            |    45 |    14 ||    59
